[Event "Krakow Championship-A 2022"]
[Site "Krakow"]
[Date "2022.06.28"]
[Round "5.20"]
[White "Kvaloy, Aksel Bu"]
[Black "Michalicka, Milan"]
[Result "1-0"]
[ECO "B48"]
[WhiteElo "2296"]
[BlackElo "2222"]
[Annotator "TA"]
[PlyCount "71"]
[EventDate "2022.06.25"]
[EventType "swiss"]
[EventCountry "POL"]
[SourceTitle "playchess.com"]
[Source "ChessBase"]
[SourceQuality "1"]
[TimeControl "40/5400+30:1800+30"]

1. e4 c5 2. Nf3 e6 3. d4 cxd4 4. Nxd4 Nc6 5. Nc3 Qc7 6. Be3 a6 7. g4 {[%emt 0:00:17] B48: Sicilian: Taimanov: 5 Nc3 Qc7 6 Be3 a6 without Be2.} b5 8. Nxc6 Qxc6 9. Qd2 {[%emt 0:01:10] The position is equal.} Bb7 10. O-O-O Rd8 (10... Nf6 $5 11. f3 b4 $11) 11. Bg2 Bc5 12. Bd4 Bxd4 13. Qxd4 f6 14. f4 Qc7 15. Qd6 (15. f5 {seems wilder.} Ne7 16. g5 O-O 17. gxf6 Rxf6 18. fxe6 Rxe6 19. Kb1) 15... Qxd6 16. Rxd6 Bc6 {[%emt 0:02:08] [#]} 17. Ne2 $146 ({Predecessor:} 17. Rg1 Nh6 18. Rd3 Ke7 19. Re1 Kf8 20. h3 Nf7 21. Ne2 Ke7 22. Nd4 e5 23. Nf5+ {0-1 (48) Mora Munoz,A (2011)-Rodriguez Dominguez,M (2105) Santa Clara 2022}) 17... Ke7 18. Rd3 Nh6 19. Nd4 g6 20. Nxc6+ dxc6 21. Ra3 e5 {[%emt 0:09:42] [#]} (21... Ra8 $11) 22. fxe5 ({Better is} 22. g5 $1 $16 fxg5 23. fxg5) 22... fxe5 (22... Nxg4 $11 {remains equal.} 23. exf6+ Kxf6) 23. g5 $16 Nf7 24. Rxa6 Kd6 $2 {[%emt 0:05:46] This move loses the game for Black.} ({Black should try} 24... Ra8 $14 25. Rxc6 Rxa2) 25. Rf1 $18 Nxg5 26. Rf6+ Ke7 27. Rfxc6 ({Weaker is} 27. Raxc6 Rhf8 28. Rf1 Rxf1+ 29. Bxf1 Ra8 $16) 27... Rhf8 28. Rc5 Nf3 29. Rxb5 Nd4 (29... Rd6 $142) 30. Rxe5+ {[%emt 0:01:07] White is clearly winning.} Kf7 {[%emt 0:00:11] ( -> ...Ne2+)} 31. c3 Ne2+ {[%emt 0:00:24] [#]} 32. Kc2 $1 Kg8 33. Rd5 Rxd5 34. exd5 Rf2 {[%emt 0:00:08] [#]} 35. d6 $1 {[%emt 0:00:54] Black must now prevent d7.} Kf7 (35... Nf4+ 36. Kb3) 36. Bd5+ {Weighted Error Value: White=0.07 (flawless) /Black=0.36} 1-0

[Event "Krakow Championship-A 2022"]
[Site "Krakow"]
[Date "2022.06.28"]
[Round "5.21"]
[White "Shehzad, Shazil"]
[Black "Turski, Bartlomiej"]
[Result "0-1"]
[ECO "B30"]
[WhiteElo "2237"]
[BlackElo "2192"]
[Annotator "RC"]
[PlyCount "74"]
[EventDate "2022.06.25"]
[EventType "swiss"]
[EventCountry "POL"]
[SourceTitle "playchess.com"]
[Source "ChessBase"]
[SourceQuality "1"]
[TimeControl "40/5400+30:1800+30"]

1. e4 c5 2. Nf3 Nc6 3. Bb5 e6 4. O-O Nge7 5. d4 cxd4 6. Nxd4 Qb6 7. Nxc6 bxc6 8. Be2 Ng6 9. c4 Be7 10. Be3 c5 11. Nc3 O-O 12. Rb1 Qc7 13. f4 d6 14. g3 Bb7 15. h4 Bf6 16. Bf3 Bxc3 17. bxc3 Ne7 18. f5 d5 19. Bf4 e5 20. cxd5 exf4 21. d6 Qd7 22. dxe7 Qxe7 23. gxf4 Ba6 24. Rf2 Rad8 25. Qa4 Bd3 26. Re1 Qxh4 27. Bg2 Qg3 28. Qxa7 Rd6 29. Rd1 Rh6 30. Rf3 Qh2+ 31. Kf2 Ra6 32. Qd7 Rxa2+ 33. Ke3 Bxe4 34. Kxe4 Qxg2 35. Rdd3 c4 36. Rde3 Qc2+ 37. Kd5 Qd2+ 0-1

[Event "Krakow Championship-A 2022"]
[Site "Krakow"]
[Date "2022.06.28"]
[Round "5.22"]
[White "Easwaralingam, Adesh"]
[Black "Gjestemoen-VonHirsch, Andre"]
[Result "1-0"]
[ECO "B31"]
[WhiteElo "2116"]
[BlackElo "2236"]
[Annotator "RC"]
[PlyCount "57"]
[EventDate "2022.06.25"]
[EventType "swiss"]
[EventCountry "POL"]
[SourceTitle "playchess.com"]
[Source "ChessBase"]
[SourceQuality "1"]
[TimeControl "40/5400+30:1800+30"]

1. e4 c5 2. Nf3 Nc6 3. Bb5 g6 4. O-O Bg7 5. c3 e5 6. d4 cxd4 7. cxd4 exd4 8. Bf4 a6 9. Ba4 Nge7 10. Bd6 b5 11. Bb3 Bb7 12. Re1 Nc8 13. e5 Nxd6 14. exd6+ Kf8 15. h4 Bf6 16. Nbd2 Kg7 17. Bd5 Bxh4 18. Nxh4 Qxh4 19. Ne4 Rae8 20. g3 Qd8 21. Bxc6 Bxc6 22. Qxd4+ f6 23. Rac1 Re6 24. Rxc6 dxc6 25. Qa7+ Kf8 26. Kg2 Rxe4 27. Rxe4 Qxd6 28. Rd4 Qe7 29. Rd7 1-0

[Event "Krakow Championship-A 2022"]
[Site "Krakow"]
[Date "2022.06.29"]
[Round "6.1"]
[White "Warakomski, Tomasz"]
[Black "Nguyen, Piotr"]
[Result "0-1"]
[ECO "B76"]
[WhiteElo "2534"]
[BlackElo "2402"]
[Annotator "TA"]
[PlyCount "70"]
[EventDate "2022.06.25"]
[EventType "swiss"]
[EventCountry "POL"]
[SourceTitle "playchess.com"]
[Source "ChessBase"]
[SourceQuality "1"]
[TimeControl "40/5400+30:1800+30"]

1. e4 c5 2. Nf3 d6 3. d4 cxd4 4. Nxd4 Nf6 5. Nc3 g6 6. Be3 Bg7 7. f3 O-O 8. Qd2 Nc6 9. g4 Be6 10. Nxe6 fxe6 11. O-O-O Ne5 12. Be2 {[%emt 0:00:48] Black must now prevent g5.} Qc8 {[%emt 0:02:37] B76: Sicilian Dragon: Yugoslav Attack, 9 g4 and 9 0-0-0.} 13. h4 {[%emt 0:00:34] next h5 is good for White.} Nfd7 14. h5 {[%emt 0:02:18] And now f4 would win.} Nc4 {[%emt 0:02:24] The position is equal.} 15. Bxc4 Qxc4 16. hxg6 hxg6 17. f4 {[%emt 0:00:30][%cal Of4f5] Black should prevent f5!} Bxc3 18. bxc3 {[%emt 0:00:09][%cal Oe4e5] [#] e5! is the strong threat.} Rac8 {[%emt 0:00:47] [#]} 19. Qh2 $146 (19. e5 $5 Qxc3 20. Qxc3 Rxc3 {[#]} 21. exd6 $1 exd6 22. Rxd6 Rxe3 23. Rxd7 $14) ({Predecessor:} 19. e5 Qxc3 20. Qxc3 Rxc3 21. exd6 exd6 22. Rxd6 Rxe3 23. Rxd7 Rf7 24. Rh8+ Kxh8 25. Rxf7 b5 26. Rxa7 Re4 27. Rf7 {½-½ (27) Goncharenko,G (2491)-Percze,J (2536) ICCF email 2009}) 19... Kf7 $40 {[%emt 0:00:58][%mdl 128] Black is up to no good.} 20. Qh7+ Ke8 21. Qxg6+ Kd8 22. Rd3 e5 23. Qg7 (23. Rh7 $11 Nf6 24. fxe5 Nxe4 25. Rh1 (25. exd6 {is a self mate.} Rf1+ 26. Kb2 Qb5+ 27. Ka3 Rxc3+ 28. Rxc3 Qa5+ 29. Kb3 Rb1+ 30. Kc4 Rb4+ 31. Kd3 Qb5+)) 23... exf4 $17 24. Rh7 Qe6 25. Bd4 f3 {[%emt 0:08:53] aiming for ...f2.} 26. Rh6 (26. Rd1 {was called for.}) 26... Qxa2 $19 27. Rh8 $2 (27. Rh7 Qe6 28. Rd1) 27... Kc7 28. Rxf8 Rxf8 29. Qxe7 f2 {[%emt 0:07:54] Black mates.} 30. Bb6+ axb6 31. Qxd6+ Kc8 32. Qxd7+ Kb8 33. Qd6+ Ka7 34. Qxf8 Qa1+ 35. Kd2 Qe1# {[%emt 0:00:07] Weighted Error Value: White=0.91/Black=0.01 (flawless)} 0-1

[Event "Krakow Championship-A 2022"]
[Site "Krakow"]
[Date "2022.06.29"]
[Round "6.2"]
[White "Fus, Jakub"]
[Black "Zwardon, Vojtech"]
[Result "1/2-1/2"]
[ECO "D38"]
[WhiteElo "2378"]
[BlackElo "2482"]
[Annotator "TA"]
[PlyCount "130"]
[EventDate "2022.06.25"]
[EventType "swiss"]
[EventCountry "POL"]
[SourceTitle "playchess.com"]
[Source "ChessBase"]
[SourceQuality "1"]
[TimeControl "40/5400+30:1800+30"]

1. d4 Nf6 2. c4 e6 3. Nf3 d5 4. Nc3 Bb4 5. Bg5 h6 6. Bxf6 Qxf6 7. e3 O-O 8. Rc1 c6 9. Qb3 {[%emt 0:05:23] [#] D38: Queen's Gambit Declined: Ragozin Defence (4 Nf3 Bb4).} a5 $146 ({Predecessor:} 9... Bxc3+ 10. Qxc3 Nd7 11. cxd5 exd5 12. Bd3 Re8 13. O-O Nf8 14. b4 Bf5 15. b5 Rac8 16. Bxf5 Qxf5 17. Qa5 Ne6 18. bxc6 bxc6 19. Qxa7 {½-½ (34) Lazavik,D (2465)-Khoroshev,N (2332) Chess.com INT 2021}) 10. a3 Bd6 11. Be2 {[%emt 0:01:09] White has an edge.} Nd7 12. O-O Qg6 13. Nh4 Qf6 14. g3 g5 15. Ng2 Qg6 16. f4 f5 17. c5 Bc7 18. Qa4 Nf6 19. b4 Bd7 20. b5 Ng4 21. b6 Bd8 22. Qd1 Nf6 23. Ne1 Qg7 24. Nf3 $36 {[%emt 0:07:01][%mdl 2048] White has good play.} Ng4 25. Qd3 Be8 26. h3 Nf6 {[%emt 0:01:48] [#] ...gxf4 is the strong threat.} (26... gxf4 $5 27. hxg4 fxg4 $11) 27. Kh2 Ne4 {[%emt 0:03:48] Hoping for ...gxf4.} 28. Rg1 $1 Bf6 29. Ne5 {[%emt 0:03:27] Inhibits g4.} Bxe5 30. fxe5 Bg6 31. Nxe4 fxe4 32. Qd2 Rf2+ 33. Rg2 Qf7 34. Rcg1 h5 35. Rxf2 Qxf2+ 36. Rg2 Qf7 37. Qe1 Bf5 (37... Qh7 $16 38. g4 h4) 38. Rf2 (38. g4 $18 {has better winning chances.} hxg4 39. Bxg4) 38... g4 (38... Qh7 $16 {was called for.}) 39. Rf4 $18 Qg6 {[%emt 0:01:43] [#]} 40. h4 ({Better is} 40. hxg4 $1 $18 hxg4 41. Kg2 (41. Kg1 Kg7 $14)) 40... Kf7 41. Qf2 Ke7 42. Kg1 Kd7 43. Kf1 Qh7 44. Ke1 Qg6 45. Kd2 Qh7 46. Qg1 Qh6 47. Bd1 Qh7 48. Bb3 Qg6 49. Qf1 Ke7 50. Ba4 Kd7 51. Qd1 Qh7 52. Rf1 Qh8 53. Qb3 {[%emt 0:00:19][%cal Of1f5] Threatens to win with Rxf5!} Ke7 54. Qc3 Qc8 55. Kc1 {[%emt 0:00:37] White is much more active.} Qe8 56. Qb2 Qf8 57. Kd2 Kd7 58. Kc3 Qh6 59. Qe2 Qf8 60. Rb1 Bg6 61. Rf1 {[%emt 0:00:34] Against Qf3} Bf5 62. Kd2 {[%emt 0:01:25] White is better.} Ke7 63. Qf2 Qh6 64. Bb3 Rd8 65. Ke2 Ra8 {White really could win this.  Weighted Error Value: White=0.08 (flawless) /Black=0.07 (flawless)} 1/2-1/2

[Event "Krakow Championship-A 2022"]
[Site "Krakow"]
[Date "2022.06.29"]
[Round "6.3"]
[White "Romanishin, Oleg M"]
[Black "Pechac, Jergus"]
[Result "1/2-1/2"]
[ECO "A06"]
[WhiteElo "2400"]
[BlackElo "2597"]
[Annotator "TA"]
[PlyCount "106"]
[EventDate "2022.06.25"]
[EventType "swiss"]
[EventCountry "POL"]
[SourceTitle "playchess.com"]
[Source "ChessBase"]
[SourceQuality "1"]
[TimeControl "40/5400+30:1800+30"]

1. Nf3 d5 2. g3 g6 3. Bg2 Bg7 4. d4 Nf6 5. O-O O-O 6. c4 dxc4 7. Ne5 c5 8. d5 {[%emt 0:16:54] D77: Fianchetto Grünfeld: 6 0-0: Replies other than 6...c6.} Nbd7 9. Nxc4 b5 $1 {[%emt 0:00:06] [#]} 10. Ncd2 $146 ({Predecessor:} 10. d6 Rb8 11. dxe7 Qxe7 12. Na5 Rb6 13. Nc3 b4 14. Na4 Ra6 15. Nb7 Re8 16. Bg5 {0-1 (41) Gonzalez,J (2626)-Hotting,A (2566) ICCF email 2004}) 10... Nb6 11. Nb3 Nfxd5 (11... c4 $5 12. Nd4 Nfxd5 $15) 12. Nxc5 Qd6 13. Ne4 Qe5 14. Nbc3 Bf5 (14... Nxc3 15. Nxc3 b4 16. Na4 Nxa4 17. Qxa4 $14 (17. Bxa8 Nxb2 18. Bxb2 Qxb2 $11)) (14... Be6 $5 ) 15. Qb3 Rfd8 16. Nxd5 Nxd5 17. Ng5 {[%emt 0:00:49] [#] Hoping for Bf4.} h6 18. e4 hxg5 19. exf5 (19. exd5 $5 g4 20. Bg5 $11) 19... Qxf5 20. Qxb5 Rab8 21. Qe2 e6 22. Rd1 Rd7 23. Qf3 {[%emt 0:06:03] Prevents Nc3.} Qe5 ({Resist} 23... Bxb2 24. Qxf5 gxf5 25. Rb1 $14) 24. h3 Bf6 25. Rb1 Rc7 26. Qe4 Qd6 27. Qd3 Qe5 28. Qe4 Qd6 29. Qd3 Rd8 30. Be3 Qb4 31. Bxd5 Rxd5 32. Qb3 Qd6 33. Rxd5 exd5 34. Rc1 Rd7 35. Bc5 Qe5 36. Qe3 Qxb2 37. Rd1 {[%emt 0:00:17] Strongly threatening Qe8+.} Kh7 38. Qf3 (38. Bd4 $5 Qc2 39. Rd3 $15) 38... Kg7 39. Kg2 Qc3 (39... Qxa2 $2 {[#]} 40. Bf8+ $1 Kxf8 41. Qxf6 $18) 40. Qg4 Rc7 41. Be3 Rc4 42. Qe2 {[%emt 0:00:43] The position is equal.} Qa5 43. Qd3 Qxa2 {[%emt 0:04:00] Threatens to win with ...d4.} 44. Qxd5 Rc2 45. Qxa2 Rxa2 $11 {[%emt 0:00:02][%mdl 4096] Endgame KRB-KRB} 46. Rd5 a5 47. Bxg5 Bxg5 48. Rxg5 {[%emt 0:00:57] KR-KR} f5 49. g4 Kf6 50. h4 Ra4 51. gxf5 gxf5 52. Rh5 Ke5 53. Rh8 Kf4 {[%emt 0:01:29] Weighted Error Value: White=0.06 (flawless) /Black=0.08 (flawless)} 1/2-1/2

[Event "Krakow Championship-A 2022"]
[Site "Krakow"]
[Date "2022.06.29"]
[Round "6.4"]
[White "Agdestein, Simen"]
[Black "Rudolf, Michal"]
[Result "0-1"]
[ECO "D55"]
[WhiteElo "2559"]
[BlackElo "2361"]
[Annotator "TA"]
[PlyCount "54"]
[EventDate "2022.06.25"]
[EventType "swiss"]
[EventCountry "POL"]
[SourceTitle "playchess.com"]
[Source "ChessBase"]
[SourceQuality "1"]
[TimeControl "40/5400+30:1800+30"]

1. c4 e6 2. Nf3 Nf6 3. Nc3 d5 4. d4 Be7 5. Bg5 O-O 6. e3 h6 7. Bf4 c5 8. dxc5 Qa5 {[%emt 0:04:40] D55: Queen's Gambit Declined: 4 Bg5 Be7: Lines without ...h6 and 6...h6 7 Bxf6.} 9. a3 dxc4 10. Bxc4 {[%emt 0:00:56] Threatens to win with b4.} Qxc5 {[%emt 0:00:08] White has an edge.} 11. Qe2 a6 {[%emt 0:10:22] [#]} 12. b4 $146 ({Predecessor:} 12. O-O b5 13. Ba2 Bb7 14. Rac1 Qh5 15. Rfd1 Nbd7 16. Bd6 Bxd6 17. Rxd6 Rac8 18. Rcd1 Rxc3 19. bxc3 {0-1 (40) Solmundarson,M-Magnusson,O Reykjavik 1970}) 12... Qh5 13. O-O b5 14. Bd3 Bb7 15. e4 Nbd7 16. h3 Rac8 (16... Rfc8 $11 17. Rac1 Nb6) 17. Qb2 (17. Rac1 $14) 17... Nh7 18. a4 Bf6 19. Rfc1 Nb6 ({Black should play} 19... Ng5 $15 20. Bxg5 Bxg5 21. Nxg5 Qxg5) 20. axb5 $11 axb5 {[%emt 0:00:10][%cal Ob6a4] [#] Strongly threatening ...Na4!} 21. e5 Ng5 22. Ne1 ({Don't blunder} 22. Nxb5 $2 {[#]} Nxh3+ $1 23. gxh3 Qxf3 $19) 22... Nc4 $1 23. Qe2 ({Much worse is} 23. Bxc4 Rxc4 24. exf6 Nxh3+ 25. gxh3 Rxf4 $17) 23... Qxe2 24. Bxe2 (24. Nxe2 $15 Nxe5 25. Bxb5) 24... Nxe5 $17 {[%emt 0:00:19][%cal Oc8c3] ...Rxc3! is the strong threat. Black is more active.} 25. Ra7 Ng6 26. Bd6 Ne4 ({Better is} 26... Rfd8 $17 27. Bc5 Bc6 28. Nxb5 Nf4) 27. Rxb7 $4 ({Only move:} 27. Bxf8 $15 Nxc3 28. Rxc3 (28. Rc2 $2 Be4 $19) 28... Bxc3 29. Rxb7) 27... Nxd6 {[%emt 0:00:58] Weighted Error Value: White=0.42/Black=0.11 (very precise)} 0-1

[Event "Krakow Championship-A 2022"]
[Site "Krakow"]
[Date "2022.06.29"]
[Round "6.5"]
[White "Klimkowski, Jan"]
[Black "Nurkiewicz, Maciej"]
[Result "1-0"]
[ECO "C78"]
[WhiteElo "2401"]
[BlackElo "2332"]
[Annotator "TA"]
[PlyCount "57"]
[EventDate "2022.06.25"]
[EventType "swiss"]
[EventCountry "POL"]
[SourceTitle "playchess.com"]
[Source "ChessBase"]
[SourceQuality "1"]
[TimeControl "40/5400+30:1800+30"]

1. e4 e5 2. Nf3 Nc6 3. Bb5 a6 4. Ba4 Nf6 5. O-O b5 6. Bb3 Bb7 {[%emt 0:00:06] 6...Bc5 is the modern continuation.} 7. Nc3 Bc5 {[%emt 0:01:26] C78: Ruy Lopez: Archangelsk and Möller Defences.} 8. Nd5 Na5 9. d4 $1 Nxb3 {[%emt 0:01:39] White is slightly better.} 10. axb3 exd4 11. Bg5 Bxd5 12. exd5 {[%emt 0:00:05] [#]} (12. Bxf6 Qxf6 13. exd5 O-O $15) 12... Be7 $146 (12... O-O $14) ({Predecessor:} 12... O-O 13. Ne5 Re8 14. Re1 h6 15. Bh4 g5 16. Bg3 d6 17. Nc6 Rxe1+ 18. Qxe1 Qe8 19. Qd2 Nxd5 20. Nxd4 Qe4 21. Nf3 {½-½ (21) Delchev,A (2627)-Godena,M (2495) Padova 2014}) 13. d6 $1 $16 cxd6 14. Nxd4 O-O 15. Nf5 $1 {[%emt 0:01:31][%mdl 1024] White has strong compensation.} Re8 16. Qd4 ({Much weaker is} 16. Nxd6 $6 Bxd6 17. Qxd6 Re6 $11) (16. Qf3 $142 Nd5 17. Bxe7 (17. Qxd5 Bxg5 18. Nxd6 Rf8 $16) 17... Nxe7 18. Nxd6) 16... h6 (16... Rc8 $142) 17. Bh4 $1 {[%emt 0:00:39] aiming for Rae1. White is much more active.} Kh7 18. Qd3 g6 (18... Kg8 $16 {was worth a try.}) 19. Nxe7 $18 ({Not} 19. Nxd6 Bxd6 20. Qxd6 Re6 $14) 19... Qxe7 20. f4 {[%emt 0:01:17] Inhibits Qe5.} d5 21. Qd4 {[%emt 0:02:13] Prevents Qc5.} Kg7 {[%emt 0:00:08] [#]} 22. Rae1 {[%emt 0:04:39] Prevents Qe3+.} Qd6 {[%emt 0:00:06] [#]} 23. g4 $1 Rxe1 24. Rxe1 Rh8 25. Re2 {[%emt 0:07:40] Be1 is the strong threat.} g5 $2 (25... a5 26. c4 bxc4) 26. fxg5 {[%emt 0:00:04] White is clearly winning.} hxg5 27. Bxg5 Kg6 28. Re5 {[%emt 0:04:35] Black must now prevent Bf4.} Ne4 (28... Rh3 $142 29. Bf4 Qc6 30. Rg5+ Kh7) 29. Bf4 {[%emt 0:00:40] Weighted Error Value: White=0.18 (very precise) /Black=0.26 (precise)} 1-0

[Event "Krakow Championship-A 2022"]
[Site "Krakow"]
[Date "2022.06.29"]
[Round "6.6"]
[White "Holtel, Jasper"]
[Black "Rozentalis, Eduardas"]
[Result "1/2-1/2"]
[ECO "A06"]
[WhiteElo "2347"]
[BlackElo "2523"]
[Annotator "TA"]
[PlyCount "87"]
[EventDate "2022.06.25"]
[EventType "swiss"]
[EventCountry "POL"]
[SourceTitle "playchess.com"]
[Source "ChessBase"]
[SourceQuality "1"]
[TimeControl "40/5400+30:1800+30"]

1. Nf3 d5 2. g3 c6 3. Bg2 Bg4 4. c4 e6 5. Qb3 Qb6 6. Qc2 {[%emt 0:00:09] A11: English Opening: 1...c6.} Nd7 7. b3 Ngf6 8. O-O Bd6 9. d3 Bxf3 10. Bxf3 {[%emt 0:00:22] [#]} h5 $146 ({Predecessor:} 10... O-O 11. Bb2 d4 12. Nd2 e5 13. a3 a5 14. Rab1 Qd8 15. e3 dxe3 16. fxe3 Qe7 {1-0 (42) Samame Castillo,J (2229)-Reinoso,S Lima 2004}) 11. e3 h4 (11... Ne5 $5 12. Be2 Qc7 $14) 12. d4 {[%emt 0:04:03] Inhibits Ne5.} Qc7 13. Ba3 (13. Nc3 $11 {is superior.}) 13... O-O-O 14. Bxd6 Qxd6 15. Nc3 hxg3 16. hxg3 Kb8 (16... Nh7 $11) 17. c5 Qe7 (17... Qc7 $14) 18. b4 $16 e5 ({Black should play} 18... Ka8) 19. b5 {[%emt 0:11:31] Hoping for bxc6.} e4 (19... Ka8 $16) 20. Bg2 $1 $18 Ka8 21. Rab1 (21. Qa4 $6 Nb8 $14) 21... Ng4 (21... Qe6 {was called for.} 22. Rb3 Rc8) 22. Rb2 $1 ({Not} 22. Qa4 Qf6 23. Rb2 (23. bxc6 Rh1+ 24. Bxh1 Qh6) 23... Nxc5 24. dxc5 Qxc3 $17) 22... Qe6 {[%emt 0:08:20] [#]} 23. Rfb1 $1 {[%emt 0:14:21] aiming for bxc6.} ({Weaker is} 23. bxc6 bxc6 24. Rfb1 (24. Qb3 Rb8 $11) 24... Rb8 $14) 23... Rb8 (23... Qh6 $2 24. bxc6 Qxc6 {[#]} 25. Nxd5 $1 $18 ) 24. bxc6 $2 (24. Qa4 $18) 24... bxc6 $14 25. Rxb8+ (25. Qa4 {is more complex.} Nh2 26. Rxb8+ Nxb8 27. Nxe4 dxe4 28. Qb4) 25... Rxb8 26. Rxb8+ (26. Bh3 {feels hotter.} Qf5 27. Rxb8+ Kxb8 28. Qe2) 26... Nxb8 27. Qe2 f5 28. Bh3 Nf6 29. Qe1 Nh7 30. Ne2 Ng5 {[%emt 0:00:57] ...Nf3+ is the strong threat.} 31. Bg2 Nf3+ 32. Bxf3 exf3 $11 {[%emt 0:00:02][%mdl 4096] Endgame KQN-KQN} 33. Nf4 Qe4 (33... Qe8 $11) 34. Qd1 (34. Nh3 $1 $14) 34... g5 {[%emt 0:01:21] The position is equal.} 35. Nd3 Nd7 {[%emt 0:01:50] Against Ne5} 36. Ne1 g4 37. Nd3 Kb7 38. Qb3+ Kc8 39. Kf1 Qe6 40. Nf4 Qe7 41. Qd3 Qe4 42. Qb3 Qe7 43. Qa3 {[%emt 0:01:09] Black must now prevent Qa6+.} Kb7 {[%emt 0:03:16] Against Qa6+} 44. Qb3+ {[%emt 0:03:36] White really could win this.  Weighted Error Value: White=0.13 (very precise) /Black=0.16 (very precise)} 1/2-1/2

[Event "Krakow Championship-A 2022"]
[Site "Krakow"]
[Date "2022.06.29"]
[Round "6.7"]
[White "Leniart, Arkadiusz"]
[Black "Balaji Sekar"]
[Result "1-0"]
[ECO "B90"]
[WhiteElo "2473"]
[BlackElo "1189"]
[Annotator "TA"]
[PlyCount "61"]
[EventDate "2022.06.25"]
[EventType "swiss"]
[EventCountry "POL"]
[SourceTitle "playchess.com"]
[Source "ChessBase"]
[SourceQuality "1"]
[TimeControl "40/5400+30:1800+30"]

1. e4 c5 2. Nf3 d6 3. d4 cxd4 4. Nxd4 Nf6 5. Nc3 a6 6. h4 {[%emt 0:00:05] B90: Sicilian Najdorf: Unusual White 6th moves, 6 Be3 Ng4 and 6 Be3 e5.} e5 7. Nb3 Be7 8. Bg5 {[%emt 0:00:07] White has an edge.} Be6 9. Bxf6 Bxf6 10. g3 O-O {[%emt 0:04:38] [#]} 11. Qd3 $146 ({Predecessor:} 11. Qd2 Be7 12. Nd5 Nd7 13. Bh3 Nb6 14. Bxe6 fxe6 15. Nxe7+ Qxe7 16. Qe2 Rac8 17. O-O {½-½ (29) Chigaev,M (2577)-Sarana,A (2613) Ekaterinburg 2018}) 11... Nc6 12. O-O-O Qb6 (12... a5 {is more complex.} 13. Qxd6 Qc8 14. Nd5 Nb4) 13. Bh3 Rfd8 (13... Bxb3 $11 14. axb3 Qxf2) 14. Bxe6 $14 fxe6 15. g4 d5 ({Don't play} 15... Qxf2 16. Rdf1 Qg2 17. Rhg1 $11) (15... Kh8 $14) 16. exd5 {[%emt 0:06:48] Hoping for g5.} Nb4 17. Qe4 exd5 18. Nxd5 Rxd5 19. Rxd5 Qc6 {[%emt 0:00:01] [#] Prevents Rd7.} 20. Qxb4 $1 Qxd5 21. Rd1 Qf7 22. g5 Be7 23. Qe4 Bf8 24. Qxe5 (24. f3 $18) 24... Qxf2 $16 25. Nd4 Qf7 26. Re1 (26. Ne6 $16) 26... Rd8 (26... Qxa2 $14 27. Nb3 Qa4) 27. Ne6 $36 {[%emt 0:04:55][%mdl 2048] White is on the roll.} Re8 28. c3 {[%emt 0:00:40] White is much more active.} Qd7 29. h5 {[%emt 0:04:31] [#] Threatens to win with g6.} Bd6 $2 (29... Qd3 $16 {is a better chance.} 30. Qf4 Bd6) 30. Qd5 $18 {[%emt 0:01:42] Threatening mate with Nc5+.} Bf4+ 31. Nxf4+ {[%emt 0:00:06] Weighted Error Value: White=0.10 (very precise) /Black=0.50} 1-0

[Event "Krakow Championship-A 2022"]
[Site "Krakow"]
[Date "2022.06.29"]
[Round "6.8"]
[White "Danielyan, Vahe"]
[Black "Kozak, Antoni"]
[Result "1-0"]
[ECO "B51"]
[WhiteElo "2324"]
[BlackElo "2459"]
[Annotator "TA"]
[PlyCount "109"]
[EventDate "2022.06.25"]
[EventType "swiss"]
[EventCountry "POL"]
[SourceTitle "playchess.com"]
[Source "ChessBase"]
[SourceQuality "1"]
[TimeControl "40/5400+30:1800+30"]

1. e4 c5 2. Nf3 d6 3. Bb5+ Nd7 4. Ba4 Ngf6 5. O-O e6 6. Re1 {[%emt 0:01:02] B51: Sicilian: Moscow Variation (3 Bb5+) without 3...Bd7.} Be7 7. c3 a6 8. d4 {[%emt 0:00:05] The position is equal.} b5 9. Bc2 Bb7 10. a4 cxd4 11. cxd4 {[%emt 0:03:38] [#]} Qb8 $146 (11... O-O $11) ({Predecessor:} 11... O-O 12. Bd2 Qb6 13. a5 Qc7 14. Nc3 Rac8 15. Bd3 e5 16. Qe2 exd4 17. Nxd4 Rfe8 {0-1 (32) Albornoz Cabrera,C (2567)-Bok,B (2619) Chess.com INT 2021}) 12. Nbd2 (12. axb5 $14 axb5 13. Rxa8 Bxa8 14. d5) 12... O-O $11 13. a5 Rc8 14. h3 g6 15. d5 (15. Nf1 $11) 15... exd5 (15... Qc7 $5 16. dxe6 Qxc2 17. Qxc2 Rxc2 18. exd7 Nxd7 $17) 16. exd5 Bf8 17. Ne4 Qc7 (17... Nxd5 18. Bb3 N5f6 19. Nxf6+ Nxf6 20. Bf4 $11) ({Black should try} 17... Bg7 $15) 18. Nxf6+ $1 Nxf6 19. Bb3 Re8 20. Be3 Rac8 21. Nh2 Bg7 22. Qf3 (22. Bd4 $15) 22... h5 ({Black should play} 22... Ne4 $17 23. Bb6 Qe7) 23. Bb6 Qd7 24. Bd4 Qf5 25. Rxe8+ Rxe8 26. Qxf5 gxf5 27. Rd1 Nd7 28. Nf3 Nc5 29. Bc2 Bxd5 30. Bxg7 {[%emt 0:01:15][%mdl 64] Discovered Attack} ({Much weaker is} 30. Bxc5 Bxf3 31. gxf3 (31. Rxd6 $2 {gets mated.} Re1+ 32. Kh2 Be5+ 33. g3 Rh1#) 31... dxc5 $15) 30... Bxf3 31. gxf3 Kxg7 {[%emt 0:00:02][%mdl 4096] Endgame KRB-KRN} 32. b4 Ne6 33. Rxd6 Nf4 (33... Rd8 $14 34. Rxa6 Nd4) 34. Bxf5 $16 Re5 {[%emt 0:02:42] [#]} 35. Bc8 Nd5 36. Bxa6 Nxb4 37. Bb7 Re1+ 38. Kg2 Ra1 39. a6 h4 40. f4 Ra3 41. f5 Kh7 $2 (41... Na2 42. f4 Nc3) 42. Bc8 (42. f4 $142 {aiming for f6.} Kg7 43. f6+ Kh6 44. Kf2) 42... Kg7 $18 43. Bb7 $2 (43. f4) 43... Kh7 $1 44. f4 Kg7 45. f6+ Kh6 46. Kf2 Kh5 47. Ke2 Kh6 48. Rb6 Ra4 49. Kd2 {[%emt 0:01:09] Black must now prevent Ke3.} Ra3 {[%emt 0:00:12] [#]} 50. Kc1 ({Not} 50. Rxb5 Nxa6 51. Rg5 Nc7 $14) (50. Rd6 $142 $1) 50... Nd3+ 51. Kc2 b4 (51... Nxf4 52. Rxb5 Ne6) 52. a7 Rxa7 53. Kxd3 {[%emt 0:00:00] White mates.} Kh7 54. Be4+ Kh8 55. Rb8# {[%emt 0:00:00] Weighted Error Value: White=0.22 (precise) /Black=0.42} 1-0